 Dungeon Crawl Stone Soup version 0.30-b1-2-g02819fbbbe (webtiles) character file.

Game seed: 9236131801861374801

23 nightchill the Chiller (level 3, 11/26 HPs)
             Began as a Merfolk Ice Elementalist on Jan 14, 2024.
             Quit the game on level 2 of the Dungeon.
             The game lasted 00:03:17 (1139 turns).

nightchill the Chiller (Merfolk Ice Elementalist)   Turns: 1139, Time: 00:03:17

Health: 11/26      AC:  3    Str: 10    XL:     3   Next: 0%
Magic:  0/6        EV: 12    Int: 14    God:
Gold:   90         SH:  0    Dex: 14    Spells: 5/6 levels left

rFire   . . .        e - +0 dagger
rCold   . . .        (no shield)
rNeg    . . .        a - +0 robe
rPois   .            (no helmet)
rElec   .            (no cloak)
rCorr   .            g - +0 pair of gloves
SInv    .            (no boots)
Will    .....        (no amulet)
Stlth   ++           (no ring)
HPRegen 0.24/turn    (no ring)
MPRegen 0.10/turn

%: no passive effects
@: no status effects
A: (nimble swimmer 2), mertail
a: no special abilities


You were on level 2 of the Dungeon.
You visited 1 branch of the dungeon, and saw 2 of its levels.

You collected 90 gold pieces.

Inventory:

Hand Weapons
 e - a +0 dagger (weapon)
Armour
 a - a +0 robe (worn)
 g - a +0 pair of gloves (worn)
Jewellery
 d - a +6 ring of strength
 j - a ring of ice
Scrolls
 c - 3 scrolls of identify {unknown}
 f - 2 scrolls of teleportation {unknown}
 h - a scroll of silence {unknown}
 i - a scroll of acquirement {unknown}
Potions
 b - a potion of magic


   Skills:
 + Level 1.1 Fighting
 - Level 2.6 Dodging
 - Level 2.1 Stealth
 + Level 2.3 Spellcasting
 * Level 4.9 Ice Magic


You had 5 spell levels left.
You knew the following spells:

 Your Spells              Type           Power      Damage    Failure   Level
a - Freeze                Ice            60%        1d7       3%          1

Your spell library contained the following spells:

 Spells                   Type           Power      Damage    Failure   Level
 Frozen Ramparts          Ice            30%        1d5       9%          3
 Ozocubu's Armour         Ice            15%        N/A       9%          3
 Ignite Poison            Fire/Tmut/Pois 1%         N/A       56%         3
 Summon Ice Beast         Ice/Summ       8%         N/A       63%         4
 Sticky Flame             Conj/Fire      1%         2d3       93%         4
 Ignition                 Fire           0%         3d3       100%        8


Dungeon Overview and Level Annotations

Branches:
Dungeon (2/15)

Altars:

Shops:
D:2 =


Innate Abilities, Weirdness & Mutations

((You are very nimble when in or above water. (Stealth+, EV+, Speed+++)))
Your lower body shifts to a powerful aquatic tail in water.


Message History

The worm is almost dead.
You barely miss the worm.
The worm is almost dead.
The worm barely misses you.
You hit the worm.
The worm is almost dead.
The worm barely misses you.
You hit the worm but do no damage.
The worm is almost dead.
You barely miss the worm.
The worm is almost dead.
The worm bites you but does no damage.
You hit the worm.
You kill the worm!
You have reached level 3!
Your experience leads to an increase in your attributes!
Increase (s)trength, (i)ntelligence, or (d)exterity?
You feel stronger. x2
Casting: Freeze (safe; 3% risk of failure)
Confirm with . or Enter, or press ? or * to list all spells.
Aiming: Freeze (safe; 3% risk of failure)
Press: ? - help, Shift-Dir - straight line, f - worm
Aim: a worm You freeze the worm.
The worm is lightly wounded.
The worm bites you.
Casting: Freeze (safe; 3% risk of failure)
Confirm with . or Enter, or press ? or * to list all spells.
You don't have enough magic to cast this spell.
Unknown command.
Casting: Freeze (safe; 3% risk of failure)
Confirm with . or Enter, or press ? or * to list all spells.
You don't have enough magic to cast this spell.
Unknown command.
You barely miss the worm. You barely miss the worm. The worm bites you!
You barely miss the worm. You hit the worm but do no damage.
The worm bites you.
* * * LOW HITPOINT WARNING * * *
Are you sure you want to abandon this character and quit the game? (Confirm with "yes".)

..#. #.#.......# ...
#.#....##.# ..##
#...#..##.# ..#
#..##..##>. #.# ###...
##..... #.##.....#
#..#... #.<..###.#
#.##... #...# #.#
#.##... #@#.####.#
#.##...
#w#...##.###.##...
..w.....###.##.##..##...
.......## #....##.###...
....... ###..#..# #...
....... #....####...
....... ##.##.......
......# #..#.......
...... ##.........


You could see a worm.

Vanquished Creatures
  A worm (D:2)
  A dart slug (D:1)
  An endoplasm (D:1)
  A quokka (D:1)
  5 ball pythons
  4 bats
  2 frilled lizards (D:1)
  A goblin (D:1)
  2 kobolds (D:1)
  3 rats
21 creatures vanquished.

Notes
Turn   | Place    | Note
-------+----------+-------------------------------------------
     0 | D:1      | nightchill the Merfolk Ice Elementalist began the quest for
                  | the Orb.
     0 | D:1      | Reached XP level 1. HP: 13/13 MP: 3/3
   326 | D:1      | Reached XP level 2. HP: 16/20 MP: 3/5
   958 | D:2      | Found Entah's Jewellery Shoppe.
   999 | D:2      | Reached skill level 1 in Fighting
  1133 | D:2      | Reached XP level 3. HP: 26/26 MP: 1/6
  1139 | D:2      | Quit the game

Illustrated notes

Levels and vault maps discovered:
D:1:      dpeg_arrival_houses_and_road, layout_basic, kennysheep_doodads
D:2:      layout_rooms, serial_shops, nicolae_shop_window_shopping,
          nicolae_diamond_shop

Skill      XL: |  1  2 |
---------------+-------+-----
Fighting       | 1 |  1.1
Dodging        | |  2.6
Stealth        | |  2.1
Spellcasting   | |  2.3
Ice Magic      | |  4.9

Action                     || total
---------------------------++-------
  Melee: Unarmed           ||     3
         Dagger            ||    20
   Cast: Freeze            ||    34
 Armour: Robe              ||    15
  Dodge: Dodged            ||    38
